 Dungeon Crawl Stone Soup version 0.28-a0-261-gc0b50483a2 (webtiles) character file.

Game seed: 10949105439473250162

554 Ijustatesigmund the Cudgeller (level 7, -3/45 HPs)
             Began as a Gargoyle Fighter on Aug 26, 2021.
             Killed from afar by an orc wizard (9 damage)
             ... with a puff of flame
             ... on level 4 of the Dungeon on Aug 27, 2021.
             The game lasted 00:05:58 (4312 turns).

Ijustatesigmund the Cudgeller (Gargoyle Fighter)    Turns: 4312, Time: 00:05:59

Health: -3/45      AC: 11    Str: 19    XL:     7   Next: 30%
Magic:  7/7        EV:  7    Int:  9    God:
Gold:   249        SH:  9    Dex: 11    Spells: 6/6 levels left

rFire   . . .      SeeInvis .   a - +1 flail
rCold   . . .      Faith    .   c - +1 kite shield
rNeg    + . .      Spirit   .   b - +0 scale mail
rPois   ∞          Reflect  .   (no helmet)
rElec   +          Harm     .   (no cloak)
rCorr   .          Rampage  .   (no gloves)
Will    .....                   (no boots)
Stlth   ..........              (no amulet)
HPRegen 0.15/turn               (no ring)
MPRegen 0.10/turn               (no ring)

@: mighty
A: sickness immunity, AC +4, negative energy resistance 1, electricity
resistance, torment resistance 1, petrification resistance
a: no special abilities


You were on level 4 of the Dungeon.
You visited 1 branch of the dungeon, and saw 5 of its levels.

You collected 249 gold pieces.

Inventory:

Hand Weapons
 a - a +1 flail (weapon)
Armour
 b - a +0 scale mail (worn)
 c - a +1 kite shield (worn)
Scrolls
 e - 2 scrolls of noise {unknown}


   Skills:
 + Level 5.7 Fighting
 + Level 6.3 Maces & Flails
 + Level 3.5 Armour
 - Level 3.2 Shields


You had 6 spell levels left.
You didn't know any spells.
Your spell library contained the following spells:

 Spells                   Type           Power      Damage    Failure   Level
 Passwall                 Tmut/Erth      0%         N/A       100%        2
 Swiftness                Air            0%         N/A       100%        3
 Invisibility             Hex            0%         N/A       100%        6


Dungeon Overview and Level Annotations

Branches:
Dungeon (5/15)
 Temple: D:4-7

Altars:
Wu Jian


Innate Abilities, Weirdness & Mutations

You are immune to sickness and miasma.
Your stone body is resilient. (AC +4)
You are immune to poison.
You resist negative energy. (rN+)
You are resistant to electric shocks. (rElec)
You are resistant to unholy torment.
You are immune to petrification.


Message History

The puff of flame hits you but does no damage.
The orc wizard hits you with a +0 dagger.
* * * LOW HITPOINT WARNING * * *
The orc wizard casts a spell.
The orc wizard flickers and vanishes!
Deactivating autopickup; reactivate with Ctrl-A.
You bump into the rock wall.
The orc wizard hits you but does no damage.
Something hits you.
* * * LOW HITPOINT WARNING * * *
You miss the orc wizard.
The orc wizard is moderately wounded.
The orc wizard hits you but does no damage.
Something hits you but does no damage.
You're too confused to move!
The orc wizard hits you but does no damage.
Something hits you but does no damage.
You feel less confused.
The orc wizard points at you and mumbles some strange words.
You are confused.
You bump into the rock wall.
You bump into the rock wall.
The orc wizard hits you with a +0 dagger.
* * * LOW HITPOINT WARNING * * *
You sock the orc wizard!
You kill the orc wizard!
You bump into the rock wall.
Something hits you but does no damage.
You bump into the rock wall.
Something hits you but does no damage.
You bump into the rock wall.
You feel less confused. Something hits you but does no damage.
You miss something. Something hits you but does no damage.
You closely miss something. Something hits you but does no damage.
Something hits you.
* * * LOW HITPOINT WARNING * * *
You miss something.
You hear some strange, mumbled words.
A puff of flame appears from out of thin air!
The puff of flame hits you!
You die...

..## .# #.# .
###..##.###.# ..
#.#...#.#...#
#..###.###.#.#.###
#..#..:..#.#.#)#
#..###.###.#.#.#
#)..#.).....#.#
##..###))...#.######.#
#..@{..............<
########.#..........
#.(.######### ###.#
#.# #.# #.# #.# #.#


There were no monsters in sight!

Vanquished Creatures
  A black bear (D:4)
  A necrophage (D:4)
  A phantom (D:4)
  A scorpion (D:4)
  2 iguanas (D:4)
  2 orc wizards (D:4)
  3 adders
  A shadow imp (D:4)
  3 worms
  A dart slug (D:1)
  3 orcs
  9 ball pythons
  2 bats
  6 endoplasms
  3 giant cockroaches
  8 goblins
  5 hobgoblins
  3 jackals (D:2)
  2 quokkas (D:2)
  5 frilled lizards
  10 kobolds
  4 rats
76 creatures vanquished.

Vanquished Creatures (others)
  An orc wizard (D:4)
1 creature vanquished.

Grand Total: 77 creatures vanquished

Notes
Turn   | Place    | Note
-------+----------+-------------------------------------------
     0 | D:1      | Ijustatesigmund the Gargoyle Fighter began the quest for
                  | the Orb.
     0 | D:1      | Reached XP level 1. HP: 14/14 MP: 1/1
     1 | D:1      | Noticed an electric eel
   329 | D:1      | Reached XP level 2. HP: 16/19 MP: 2/2
  1149 | D:2      | Reached skill level 3 in Maces & Flails
  1155 | D:2      | Reached XP level 3. HP: 20/24 MP: 3/3
  1533 | D:2      | You fall into a shaft and drop 1 floor!
  1831 | D:3      | Found an ornate altar of the Wu Jian Council.
  2472 | D:2      | Reached XP level 4. HP: 28/29 MP: 4/4
  3172 | D:4      | Noticed a black bear
  3177 | D:4      | Noticed a necrophage
  3180 | D:4      | Killed a black bear
  3181 | D:4      | Reached skill level 4 in Maces & Flails
  3181 | D:4      | Reached XP level 5. HP: 15/34 MP: 5/5
  3191 | D:4      | Killed a necrophage
  3192 | D:4      | Reached skill level 5 in Fighting
  3192 | D:4      | Reached skill level 5 in Maces & Flails
  3192 | D:4      | Reached XP level 6. HP: 15/40 MP: 6/6
  3621 | D:4      | HP: 2/40 [iguana (9)]
  3652 | D:5      | Entered Level 5 of the Dungeon
  4010 | D:4      | Reached skill level 6 in Maces & Flails
  4010 | D:4      | Reached XP level 7. HP: 21/44 MP: 7/7
  4140 | D:4      | Upgraded the game from 0.28-a0-249-g9004c80361 to
                  | 0.28-a0-261-gc0b50483a2
  4312 | D:4      | Killed from afar by an orc wizard

Illustrated notes

Levels and vault maps discovered:
D:1:      arrival_aquarium_a, layout_basic, minmay_misc_feat_five,
          chequers_serial_rivers_micro_e
D:2:      layout_loops_corners
D:3:      layout_basic, nzn_wu_jian_contemplation
D:4:      minmay_clustersquares, layout_loops_ring, st_stairs_10,
          minmay_a_box_with_orc_wizards_in_it
D:5:      layout_loops_cross, okawaru_ov_weapons_minmay, marbit_many_paths,
          minmay_temple_entry_arrows, serial_shops, nicolae_shop_waterfront,
          uniq_edmund

Skill      XL: |  1  2  3  4  5  6 |
---------------+-------------------+-----
Maces & Flails | 3 4 5 6 |  6.3
Fighting       | 4 5 |  5.7
Armour         | |  3.5
Shields        | |  3.2

Action                   |  1- 3 |  4- 6 |  7- 9 || total
-------------------------+-------+-------+-------++-------
Melee: Flail             |   130 |   132 |    29 ||   291
  Use: Scroll            |     6 |     1 |       ||     7
       Potion            |       |     2 |     1 ||     3
Armor: Scale mail        |    78 |    72 |    26 ||   176
Dodge: Dodged            |    43 |    34 |    11 ||    88
Block: Kite shield       |    60 |    72 |    11 ||   143

Table legend: (Time is in decaauts)
 A = Elapsed time spent in this place.
 B = Non-inter-level travel time spent in this place.
 C = Inter-level travel time spent in this place.
 D = Time resting spent in this place.
 E = Time spent auto-exploring this place.
 F = Levels seen in this place.
 G = Mean time per level.
                   A        B        C        D        E       F      G
               +--------+--------+--------+--------+--------+-----+--------+
         Total |   4438 |   4248 |    190 |    624 |   2854 |   5 |  887.6 |
       Dungeon |   4438 |   4248 |    190 |    624 |   2854 |   5 |  887.6 |
               +--------+--------+--------+--------+--------+-----+--------+

Top non-repeatable levels by time:
     D:2: 1195 daAuts
     D:1: 1099 daAuts
     D:3: 949 daAuts
     D:4: 843 daAuts
     D:5: 351 daAuts
